 Dungeon Crawl Stone Soup version 0.31-a0-848-gaac375c287 (webtiles) character file.

Game seed: 16777121663708852913

406 subawu the Ruffian (level 6, -4/47 HPs)
             Began as a Gnoll Shapeshifter on Oct 4, 2023.
             Slain by an iguana (5 damage)
             ... on level 4 of the Dungeon.
             The game lasted 00:09:49 (4077 turns).

subawu the Ruffian (Gnoll Shapeshifter)             Turns: 4077, Time: 00:09:50

Health: -4/47      AC:  8    Str: 15    XL:     6   Next: 87%
Magic:  9/9        EV:  8    Int:  9    God:
Gold:   176        SH:  0    Dex: 12    Spells: 9/9 levels left

rFire   . .          .
                       - Unarmed
rCold   . . .        (no shield)
rNeg    . . .        k - +0 chain mail
rPois   .            (helmet currently unavailable)
rElec   .            (cloak currently unavailable)
rCorr   .            (gloves currently unavailable)
SInv    .            (boots currently unavailable)
Will    .....        (no amulet) Stlth
                     (no ring)
HPRegen 0.27/turn    (no ring)
MPRegen 0.11/turn

%: no passive effects
@: beast-form
A: beast (slay +3), fangs 1, strong nose, distributed training
a: Begin Untransformation


You were on level 4 of the Dungeon.
You were a hulking beast.
You visited 1 branch of the dungeon, and saw 4 of its levels.
You also visited: Sewer.

You collected 176 gold pieces.

Inventory:

Hand Weapons
 r - a +1 dagger of venom
Missiles
 g - 6 boomerangs
 j - a throwing net
Armour
 a - a +0 animal skin
 h - a +0 leather armour
 k - a +0 chain mail (worn)
 v - a +0 ring mail
Talismans
 c - a beast talisman (active)
 d - a flux talisman
Scrolls
 e - 3 scrolls of identify {unknown}
 f - a scroll of poison {unknown}
 l - 2 scrolls of enchant armour {unknown}
 m - a scroll of silence {unknown}
 o - a scroll of immolation {unknown}
 u - 2 scrolls of fear {unknown}
 w - a scroll of vulnerability {unknown}
 x - a scroll of teleportation {unknown}
 y - 2 scrolls of enchant weapon {unknown}
Potions
 b - 2 potions of lignification
 i - 2 potions of curing {unknown}
 n - a potion of cancellation {unknown}
 p - 2 potions of haste {unknown}
 q - a potion of might {unknown}
 s - a potion of degeneration {unknown}
 t - a potion of enlightenment {unknown}
 z - 2 potions of brilliance {unknown}


   Skills:
 + Level 3.4 Fighting
 + Level 2.2 Short Blades
 + Level 2.2 Long Blades
 + Level 2.2 Axes
 + Level 2.2 Maces & Flails
 + Level 2.2 Polearms
 + Level 2.2 Staves
 + Level 2.2 Ranged Weapons
 + Level 2.2 Throwing
 + Level 2.2 Armour
 + Level 5.1 Dodging
 + Level 2.2 Stealth
 + Level 2.2 Shields
 + Level 6.9 Unarmed Combat
 + Level 2.2 Spellcasting
 + Level 1.7 Conjurations
 + Level 1.7 Hexes
 + Level 1.7 Summonings
 + Level 1.7 Necromancy
 + Level 1.7 Translocations
 + Level 1.7 Transmutations
 + Level 1.7 Fire Magic
 + Level 1.7 Ice Magic
 + Level 1.7 Air Magic
 + Level 1.7 Earth Magic
 + Level 1.7 Poison Magic
 + Level 2.4 Invocations
 + Level 2.2 Evocations
 + Level 6.8 Shapeshifting


You had 9 spell levels left.
You didn't know any spells.
Your spell library contained the following spells:

 Spells                   Type           Power      Damage    Failure   Level
 Magic Dart               Conj           16%        1d3       93%         1
 Searing Ray              Conj           8%         2d4       98%         2
 Gell's Gravitas          Tloc           4%         N/A       100%        3
 Teleport Other           Tloc           4%         N/A       100%        3
 Fulminant Prism          Conj/Hex       2%         3d5       100%        4
 Dispersal                Tloc           2%         N/A       100%        6


Dungeon Overview and Level Annotations

Branches:
Dungeon (4/15)              Sewer (visited)
 Temple: D:4-7

Altars:

Shops:
D:3 =


Innate Abilities, Weirdness & Mutations

You are a hulking beast.
Your limbs bulge with bestial killing power. (Slay +3)
You have very sharp teeth.
Your uncanny sense of smell can sniff out nearby items.
Your experience applies equally to all skills.


Message History

The orc shouts!
You hear an angry hiss.
The orc moves out of view.
The orc throws a boomerang.
The boomerang barely misses you. The orc hits you but does no damage.
You punch the orc!
You kill the orc!
Found a robe.
An iguana comes into view.
The iguana hisses angrily.
The iguana completely misses you. The iguana bites you!
You barely miss the iguana. You bite the iguana, but do no damage.
The iguana barely misses you.
You hit the iguana.
The iguana is lightly wounded.
The iguana bites you!
You hit the iguana. You bite the iguana.
The iguana is lightly wounded.
The iguana bites you!
You hit the iguana.
The iguana is moderately wounded.
The iguana bites you!
* * * LOW HITPOINT WARNING * * *
You closely miss the iguana.
The iguana is moderately wounded.
The iguana barely misses you.
You hit the iguana but do no damage. You bite the iguana, but do no damage.
The iguana is moderately wounded.
You barely miss the iguana. You bite the iguana, but do no damage.
The iguana is moderately wounded.
The iguana bites you!
* * * LOW HITPOINT WARNING * * *
You closely miss the iguana. Your bite misses the iguana.
The iguana is moderately wounded.
The iguana bites you.
* * * LOW HITPOINT WARNING * * *
You hit the iguana.
The iguana is severely wounded.
The iguana bites you.
You die...

~~÷....~≈.#
#......####...#.....
##~~≈~≈##.#
#.#.##.#.........#..
##~~~≈~# .#
#.#.#..#<##...##.###
........~.# #.#..#.#
###.###.###
#...####.# #.#.###.
........... ##.## .#
#.)## # ..#.###.##.
#.# # #...##
..(#.###.##. ...
#.#..#.....#(.......
#.#
#.#hl......#####....
#.###.##[#. #####
#.# .# #.# .. #.. ..
### .#. .#


You could see an iguana.

Vanquished Creatures
  A kobold brigand (Sewer)
  A scorpion (D:3)
  A hound (D:4)
  An iguana (D:4)
  10 adders
  A gnoll (D:1)
  3 river rats
  2 worms (D:2)
  2 orcs
  11 ball pythons
  8 bats
  6 endoplasms
  2 giant cockroaches (D:1)
  4 goblins
  7 hobgoblins
  A jackal (Sewer)
  15 kobolds
  10 frilled lizards
  10 rats
96 creatures vanquished.

Notes
Turn   | Place    | Note
-------+----------+-------------------------------------------
     0 | D:1      | subawu the Gnoll Shapeshifter began the quest for the Orb.
     0 | D:1      | Reached XP level 1. HP: 17/17 MP: 1/1
   112 | D:1      | Found a faded altar of an unknown god.
   177 | D:1      | Reached XP level 2. HP: 3/23 MP: 2/2
   456 | D:1      | Reached XP level 3. HP: 28/28 MP: 3/3
   871 | D:1      | Reached skill level 1 in Invocations
  1169 | D:2      | Reached skill level 1 in Short Blades
  1169 | D:2      | Reached skill level 1 in Long Blades
  1169 | D:2      | Reached skill level 1 in Axes
  1169 | D:2      | Reached skill level 1 in Maces & Flails
  1169 | D:2      | Reached skill level 1 in Polearms
  1169 | D:2      | Reached skill level 1 in Staves
  1169 | D:2      | Reached skill level 1 in Ranged Weapons
  1169 | D:2      | Reached skill level 1 in Throwing
  1169 | D:2      | Reached skill level 1 in Armour
  1169 | D:2      | Reached skill level 1 in Stealth
  1169 | D:2      | Reached skill level 1 in Shields
  1169 | D:2      | Reached skill level 1 in Spellcasting
  1169 | D:2      | Reached skill level 1 in Evocations
  1441 | D:2      | Reached XP level 4. HP: 31/34 MP: 5/5
  1695 | D:3      | Noticed a scorpion
  1699 | D:3      | Killed a scorpion
  1700 | D:3      | Reached skill level 1 in Conjurations
  1700 | D:3      | Reached skill level 1 in Hexes
  1700 | D:3      | Reached skill level 1 in Summonings
  1700 | D:3      | Reached skill level 1 in Necromancy
  1700 | D:3      | Reached skill level 1 in Translocations
  1700 | D:3      | Reached skill level 1 in Transmutations
  1700 | D:3      | Reached skill level 1 in Fire Magic
  1700 | D:3      | Reached skill level 1 in Ice Magic
  1700 | D:3      | Reached skill level 1 in Air Magic
  1700 | D:3      | Reached skill level 1 in Earth Magic
  1700 | D:3      | Reached skill level 1 in Poison Magic
  1700 | D:3      | Reached XP level 5. HP: 40/40 MP: 5/7
  1806 | D:3      | Found Vits's Jewellery Boutique.
  2365 | D:3      | Identified the +3 spear "Ulicis" {heavy, rC+}
  2687 | D:4      | Reached XP level 6. HP: 14/47 MP: 8/8
  2931 | D:4      | Found a glowing drain.
  2978 | Sewer    | Entered a sewer
  3166 | Sewer    | Reached skill level 5 in Dodging
  4076 | D:4      | HP: 1/47 [iguana (2)]
  4077 | D:4      | Slain by an iguana

Illustrated notes

Levels and vault maps discovered:
D:1:      beargit_arrival_diablo_church, layout_basic,
          nicolae_ecumenical_lake_church
D:2:      layout_rooms, kennysheep_small_spiral
D:3:      layout_basic, serial_shops, shop, lexackson_kobold_supper
D:4:      layout_loops_ring, cheibrodos_sewer_entry_sluice,
          minmay_misc_feat_nine_boxes, minmay_goblin_outpost

Skill      XL: |  1  2  3  4  5  6 |
---------------+-------------------+-----
Invocations    | 1 2 |  2.4
Short Blades   | 1 2 |  2.2
Long Blades    | 1 2 |  2.2
Axes           | 1 2 |  2.2
Maces & Flails | 1 2 |  2.2
Polearms       | 1 2 |  2.2
Staves         | 1 2 |  2.2
Ranged Weapons | 1 2 |  2.2
Throwing       | 1 2 |  2.2
Armour         | 1 2 |  2.2
Stealth        | 1 2 |  2.2
Shields        | 1 2 |  2.2
Spellcasting   | 1 2 |  2.2
Evocations     | 1 2 |  2.2
Conjurations   | 1 |  1.7
Hexes          | 1 |  1.7
Summonings     | 1 |  1.7
Necromancy     | 1 |  1.7
Translocations | 1 |  1.7
Transmutations | 1 |  1.7
Fire Magic     | 1 |  1.7
Ice Magic      | 1 |  1.7
Air Magic      | 1 |  1.7
Earth Magic    | 1 |  1.7
Poison Magic   | 1 |  1.7
Fighting       | 3 |  3.4
Dodging        | 5 |  5.1
Unarmed Combat | |  6.9
Shapeshifting  | |  6.8

Action                     |  1- 3 |  4- 6 || total
---------------------------+-------+-------++-------
  Melee: Unarmed           |    74 |   211 ||   285
         Bite              |     4 |    17 ||    21
         Punch             |     2 |     4 ||     6
    Use: Potion            |       |     1 ||     1
 Armour: Animal skin       |    15 |       ||    15
         Chain mail        |    22 |   139 ||   161
         Leather armour    |    13 |       ||    13
         Skin              |       |     5 ||     5
  Dodge: Dodged            |    41 |    79 ||   120

Table legend: (Time is in decaauts)
 A = Elapsed time spent in this place.
 B = Non-inter-level travel time spent in this place.
 C = Inter-level travel time spent in this place.
 D = Time resting spent in this place.
 E = Time spent auto-exploring this place.
 F = Levels seen in this place.
 G = Mean time per level.
                   A        B        C        D        E       F      G
               +--------+--------+--------+--------+--------+-----+--------+
         Total |   4196 |   3945 |    251 |    462 |   2209 |   5 |  839.2 |
       Dungeon |   3032 |   2781 |    251 |    160 |   1679 |   4 |  758.0 |
         Sewer |   1163 |   1163 |      0 |    302 |    529 |   1 | 1163.0 |
               +--------+--------+--------+--------+--------+-----+--------+

Top non-repeatable levels by time:
   Sewer: 1163 daAuts
     D:3: 1030 daAuts
     D:1: 969 daAuts
     D:2: 655 daAuts
     D:4: 377 daAuts
